Map: Arctic Dream LE

Players

oni

  • Race: Zerg Zerg
  • Spawn Location: 11:00

Raddow

  • Race: Protoss Protoss
  • League: Master
  • Spawn Location: 12:00

Massa - Winner!

  • Race: Terran Terran
  • League: Platinum
  • Spawn Location: 6:00

qqq - Winner!

  • Race: Zerg Zerg
  • Spawn Location: 5:00

VOD

Have the link to the VOD?

Description

Time

  • Played on: Feb. 17, 2021, 3:23 p.m.
  • Length: 10:24
Show
View Real Time Build Order
Export as new Build Order

oni Zerg 

Build Orders: Hatch First 

Get SALT Encoding   

  12  0:00  Drone  
  13  0:14  Overlord  
  13  0:16  Drone  
  14  0:33  Drone x2  
  16  0:49  Drone x2  
  18  1:01  Drone  
  18  1:03  Hatchery  
  18  1:06  Extractor  
  18  1:08  Drone  
  18  1:18  Spawning Pool  
  17  1:20  Drone  
  18  1:31  Drone  
  19  1:42  Drone  
  20  1:53  Drone  
  21  2:01  Overlord  
  21  2:11  Metabolic Boost  
  21  2:16  Queen  
  21  2:17  Queen  
  21  2:18  Zergling x2  
  21  2:19  Zergling x2  
  27  2:41  Drone x2  
  27  2:42  Hatchery  
  28  2:47  Drone  
  28  2:48  Drone x2  
  31  3:06  Drone x3  
  31  3:07  Drone  
  35  3:19  Drone  
  36  3:31  Roach Warren  
  36  3:32  Extractor, Queen  
  36  3:34  Extractor  
  36  3:35  Overlord  
  36  3:36  Overlord x2  
  35  3:41  Overlord  
  35  4:04  Drone  
  35  4:05  Drone x5  
  35  4:06  Drone x4  
  35  4:07  Drone  
  46  4:18  Zergling x10  
  47  4:26  Roach  
  47  4:27  Roach x2  
  47  4:31  Zergling x2  
  40  4:41  Spine Crawler  
  39  4:46  Roach x4  
  47  4:55  Roach x2  
  51  5:04  Extractor, Queen  
  52  5:35  Overlord  
  52  5:36  Overlord x2  
  52  5:57  Roach x6  
  54  6:03  Drone x4  
  68  6:25  Hatchery, Zergling x8  
  63  6:49  Roach  
  63  6:50  Roach x5  
  67  6:54  Ravager  
  67  6:55  Ravager x2  
  70  7:07  Drone x3  
  70  7:08  Drone x3  
  66  7:51  Roach x9  
  82  8:12  Roach  
  76  8:13  Roach x7  
  76  8:15  Queen  
  73  8:26  Spore Crawler  
  72  8:29  Spore Crawler  
  72  8:32  Drone x3  
  72  8:33  Drone  
  72  8:34  Ravager  
  76  8:42  Drone x3  
  76  8:48  Roach  
  81  9:01  Ravager  
  82  9:05  Overlord x4  
  82  9:08  Lair  
  51  9:28  Baneling Nest  
  47  9:31  Evolution Chamber  
  47  9:32  Evolution Chamber  
  47  9:33  Drone x4  
  47  9:34  Drone x2  
  49  9:41  Drone x2  
  49  9:42  Drone  
  49  9:43  Drone x5  
  57  9:46  Drone x2  
Show
View Real Time Build Order
Export as new Build Order

Raddow Protoss 

Build Orders: 1 Gate Expand, Blink Stalkers 

Get SALT Encoding   

  12  0:01  Probe  
  13  0:14  Probe  
  14  0:18  Pylon  
  14  0:26  Probe (Chrono Boost)  
  15  0:38  Probe (Chrono Boost)  
  15  0:41  Gateway  
  16  0:45  Probe (Chrono Boost)  
  16  0:47  Assimilator  
  17  0:52  Probe  
  18  1:04  Probe  
  19  1:16  Probe  
  20  1:26  Nexus  
  20  1:35  Cybernetics Core  
  20  1:36  Probe  
  21  1:48  Probe  
  21  1:49  Pylon  
  22  2:00  Probe (Chrono Boost)  
  23  2:10  Stalker (Chrono Boost)  
  23  2:12  Probe (Chrono Boost), Warp Gate  
  26  2:27  Probe  
  27  2:40  Probe x2 (Chrono Boost)  
  27  2:42  Assimilator  
  29  2:48  Twilight Council  
  29  2:52  Probe (Chrono Boost)  
  29  2:56  Pylon  
  29  2:58  Probe (Chrono Boost)  
  31  3:00  Assimilator  
  31  3:01  Probe (Chrono Boost)  
  31  3:05  Probe (Chrono Boost)  
  33  3:06  Probe  
  33  3:07  Stalker  
  36  3:16  Probe (Chrono Boost)  
  38  3:22  Probe (Chrono Boost)  
  38  3:23  Blink (Chrono Boost)  
  39  3:28  Probe (Chrono Boost)  
  39  3:29  Gateway  
  39  3:30  Gateway  
  40  3:34  Probe (Chrono Boost)  
  40  3:37  Probe (Chrono Boost), Gateway  
  41  3:43  Probe  
  42  3:51  Pylon, Robotics Facility  
  42  3:58  Probe x2  
  42  4:01  Stalker  
  46  4:07  Shield Battery  
  46  4:17  Gateway  
  46  4:25  Stalker x2  
  42  4:39  Stalker x2  
  42  4:55  Stalker  
  42  4:56  Stalker  
  41  5:08  Probe  
  41  5:09  Probe  
  38  5:16  Stalker  
  38  5:17  Stalker  
  38  5:20  Probe (Chrono Boost)  
  44  5:21  Stalker  
  44  5:23  Probe (Chrono Boost)  
  43  5:33  Probe (Chrono Boost)  
  43  5:37  Probe (Chrono Boost), Shield Battery  
  43  5:39  Probe (Chrono Boost)  
  43  5:45  Probe  
  43  5:49  Probe  
  45  5:52  Stalker x2  
  45  6:00  Probe  
  45  6:01  Probe  
  45  6:03  Stalker  
  49  6:12  Probe  
  49  6:13  Probe  
  49  6:16  Stalker  
  53  6:21  Pylon  
  53  6:23  Pylon  
  53  6:24  Probe  
  54  6:33  Robotics Facility  
  55  6:40  Probe  
  55  6:53  Stalker x4  
  61  7:03  Probe  
  61  7:04  Probe  
  61  7:06  Gateway  
  63  7:11  Assimilator  
  63  7:13  Pylon  
  63  7:14  Charge (Chrono Boost)  
  63  7:15  Probe  
  63  7:16  Probe  
  65  7:24  Stalker x2  
  65  7:28  Probe  
  70  7:51  Stalker x4  
  78  8:02  Pylon  
  78  8:04  Pylon  
  78  8:20  Warp Prism  
  78  8:23  Zealot x4  
  78  8:24  Gateway x2  
  86  8:36  Zealot  
  88  8:43  Templar Archives  
  88  8:55  Zealot x3  
  94  8:58  Nexus  
  94  9:09  Pylon  
  94  9:11  Pylon  
  92  9:33  High Templar x4  
  100  9:41  Zealot  
  100  9:42  Zealot x2  
  100  9:43  Probe  
  100  9:44  Probe  
  108  9:50  Shield Battery  
  108  9:51  Forge  
  108  10:08  Stalker x2  
  108  10:10  Stalker  
  108  10:11  Stalker x4  
Show
View Real Time Build Order
Export as new Build Order

Massa Terran - Winner!

Build Orders:  

Get SALT Encoding   

  12  0:00  SCV  
  13  0:12  SCV  
  14  0:17  Supply Depot  
  14  0:24  SCV  
  15  0:39  SCV  
  16  0:42  Barracks  
  16  0:47  Refinery  
  16  0:51  SCV  
  17  1:03  SCV  
  18  1:15  SCV  
  19  1:27  SCV  
  20  1:41  SCV  
  21  1:47  Command Center  
  21  1:55  Orbital Command  
  21  1:57  Barracks Reactor  
  21  2:03  Supply Depot  
  21  2:13  Factory  
  21  2:20  SCV  
  22  2:31  Barracks  
  22  2:35  Marine x2  
  24  2:39  SCV  
  25  2:47  Supply Depot  
  25  2:51  SCV  
  26  2:52  Marine x2  
  26  2:56  Refinery  
  28  2:59  Hellion  
  28  3:03  SCV  
  31  3:10  Marine x2  
  33  3:13  Orbital Command  
  33  3:19  SCV  
  34  3:34  Barracks Tech Lab  
  34  3:35  Barracks Reactor  
  34  3:37  Hellion x2  
  38  3:42  SCV  
  38  3:43  SCV  
  40  3:53  Starport  
  40  3:55  SCV x2  
  42  3:58  Hellion x2  
  42  4:01  Stimpack  
  46  4:09  SCV  
  47  4:13  Supply Depot  
  45  4:34  Hellion  
  45  4:35  Hellion  
  41  4:56  Hellion  
  41  4:58  Hellion  
  41  5:14  SCV x2  
  41  5:16  Marauder, Marine x2  
  41  5:17  Hellion  
  41  5:19  Hellion  
  51  5:26  SCV  
  51  5:27  SCV  
  53  5:34  Marine x2  
  53  5:38  Marauder  
  53  5:39  SCV, Hellion  
  53  5:41  Hellion  
  56  5:52  Marine x2  
  56  5:55  Starport Reactor  
  56  5:56  Combat Shield  
  56  5:58  SCV x2  
  56  5:59  Marauder  
  60  6:08  Barracks  
  60  6:10  SCV x2, Marine x2  
  62  6:11  Barracks  
  62  6:13  Widow Mine  
  62  6:14  Widow Mine  
  62  6:15  Barracks  
  62  6:17  Barracks  
  62  6:19  Supply Depot  
  62  6:20  Command Center  
  62  6:21  Supply Depot  
  62  6:23  Supply Depot  
  62  6:27  Engineering Bay  
  62  6:37  SCV, Marine  
  62  6:41  Widow Mine x2, Medivac x2  
  70  6:48  Marauder, Marine  
  73  6:54  Marine  
  72  7:04  Barracks Reactor, Barracks Tech Lab  
  72  7:05  Barracks Reactor, Barracks Tech Lab  
  72  7:06  Marine  
  73  7:10  SCV x2, Marauder  
  73  7:11  Medivac x2  
  73  7:12  Marine  
  82  7:22  SCV x2  
  82  7:30  Marauder  
  82  7:31  Marauder, Marine x2  
  82  7:32  Marauder  
  82  7:34  SCV  
  91  7:40  Planetary Fortress  
  87  7:48  Medivac  
  87  7:49  Marine x2  
  87  7:50  Marine x2  
  87  7:51  Marine x2  
  95  7:52  Marauder x2  
  95  7:53  Marauder  
  95  7:57  Supply Depot  
  95  7:58  Supply Depot  
  101  8:00  Supply Depot x2  
  101  8:18  Marine x6  
  101  8:19  Marauder  
  113  8:20  Marauder x2, Concussive Shells  
  113  8:23  SCV x2  
  113  8:24  SCV  
  116  8:28  Refinery  
  113  8:36  Marine x4  
  113  8:37  Widow Mine  
  113  8:40  Marauder  
  125  8:41  SCV x3, Marauder x2  
  128  8:50  Missile Turret  
  128  8:53  SCV x2  
  128  8:54  Missile Turret  
  130  9:00  Armory, Supply Depot  
  130  9:01  Supply Depot  
  130  9:02  Marauder  
  132  9:10  Marauder  
  132  9:11  Supply Depot  
  132  9:12  Supply Depot x3  
  132  9:13  Supply Depot  
  132  9:14  Refinery  
  132  9:21  Marauder  
  129  9:25  Supply Depot  
  129  9:28  Marauder, Marine x2  
  133  9:32  Marauder  
  133  9:33  Medivac x2  
  139  9:42  Marauder  
  143  10:00  Marauder x2, Marine x5  
  143  10:01  Marine  
  143  10:02  SCV x3  
  156  10:07  Refinery  
Show
View Real Time Build Order
Export as new Build Order

qqq Zerg - Winner!

Build Orders: Hatch First 

Get SALT Encoding   

  12  0:01  Drone  
  13  0:08  Drone  
  14  0:26  Overlord  
  14  0:46  Hatchery  
  14  0:50  Drone  
  14  0:57  Drone  
  14  0:58  Drone  
  16  1:19  Extractor, Drone, Spawning Pool  
  15  1:28  Drone x2  
  17  1:36  Extractor  
  17  1:37  Drone  
  17  1:44  Overlord  
  17  1:55  Extractor  
  17  1:57  Drone  
  17  1:59  Drone  
  19  2:07  Overlord  
  19  2:09  Queen  
  22  2:16  Extractor  
  22  2:20  Queen  
  23  2:26  Metabolic Boost  
  23  2:30  Drone  
  23  2:32  Drone  
  26  2:38  Extractor  
  26  2:41  Drone  
  26  2:43  Overlord  
  26  2:46  Drone  
  26  2:49  Drone  
  28  2:58  Extractor  
  28  3:00  Zergling x4  
  28  3:02  Drone  
  28  3:04  Zergling x2  
  32  3:13  Drone x2  
  32  3:17  Extractor  
  32  3:18  Zergling x2  
  35  3:25  Zergling x6  
  38  3:28  Zergling x2  
  38  3:29  Lair  
  38  3:30  Zergling x2  
  41  3:34  Extractor  
  41  3:39  Zergling x6  
  43  3:43  Zergling x2  
  43  3:44  Zergling x2  
  45  3:53  Extractor  
  45  3:55  Zergling x2  
  46  3:56  Zergling x2  
  46  4:01  Zergling x2  
  48  4:06  Extractor  
  48  4:09  Zergling x2  
  49  4:11  Zergling x2  
  49  4:12  Zergling x4  
  49  4:15  Hatchery  
  51  4:18  Overlord x2  
  51  4:24  Zergling x2  
  51  4:25  Zergling x2  
  51  4:27  Overlord  
  50  4:34  Zergling x2  
  51  4:48  Zergling x6  
  51  4:49  Zergling x8  
  56  4:55  Zergling x2  
  55  5:14  Zergling x8  
  55  5:15  Zergling x4  
  55  5:19  Zergling x2  
  56  5:34  Spire  
  46  5:45  Zergling x4  
  46  5:46  Zergling x6  
  47  5:52  Queen  
  47  5:53  Drone x2  
  47  5:54  Drone  
  47  5:58  Extractor  
  47  6:00  Drone x3  
  47  6:02  Extractor  
  48  6:11  Drone  
  48  6:12  Drone x4  
  52  6:19  Drone  
  52  6:20  Drone  
  52  6:23  Drone  
  52  6:24  Drone x4  
  59  6:28  Zergling x6  
  59  6:29  Zergling x2  
  62  6:40  Zergling x2  
  62  6:45  Zergling x2  
  62  6:46  Zergling x4  
  57  6:50  Mutalisk x3  
  57  6:51  Mutalisk x2  
  57  6:53  Zergling x2  
  66  6:59  Drone, Extractor  
  64  7:04  Overlord  
  64  7:05  Zergling x2  
  64  7:06  Zergling x2, Overlord x2  
  65  7:13  Zerg Flyer Weapons Level 1  
  65  7:16  Overlord x2  
  65  7:22  Zergling x4  
  65  7:23  Zergling x2  
  65  7:24  Drone x2  
  68  7:38  Zergling x2  
  64  7:44  Mutalisk x3  
  64  7:47  Extractor  
  68  7:52  Drone x7  
  68  7:53  Drone  
  68  7:54  Mutalisk  
  68  7:56  Drone  
  79  8:01  Zergling x4  
  79  8:02  Zergling x2  
  82  8:11  Mutalisk  
  82  8:12  Zergling x2  
  72  8:13  Zergling x4  
  72  8:18  Mutalisk  
  72  8:19  Drone  
  76  8:32  Infestation Pit  
  76  8:33  Zergling x4  
  77  8:36  Queen  
  77  8:40  Drone  
  77  8:41  Drone, Extractor  
  80  8:49  Drone, Spine Crawler  
  80  8:50  Spine Crawler  
  80  8:52  Spore Crawler  
  78  9:01  Drone  
  78  9:02  Mutalisk x3  
  79  9:03  Zergling x2  
  79  9:04  Zergling x6, Overlord  
  79  9:05  Zergling x2  
  79  9:06  Overlord  
  87  9:31  Mutalisk x2  
  87  9:32  Mutalisk x3  
  87  9:33  Zergling x12  
  102  9:42  Drone x3  
  104  9:45  Overlord x2  
Tags
 
Add a new tag
Caveats
  • Supply blocks, unpowered buildings, or Contaminate may cause inaccurate times.
  • Supply counts are checked every 10 seconds.